 Dungeon Crawl Stone Soup version 0.23-a0-681-g26ad783 (webtiles) character file.

123 Lilu the Sneak (level 4, 0/25 HPs)
             Began as a Deep Elf Assassin on Jan 10, 2019.
             Slain by an orc wizard
             ... wielding a +0 dagger
              (3 damage)
             ... on level 3 of the Dungeon.
             The game lasted 00:08:35 (3281 turns).

Lilu the Sneak (Deep Elf Assassin)                  Turns: 3281, Time: 00:08:36

Health: 0/25       AC:  4    Str:  8    XL:     4   Next: 79%
Magic:  6/6        EV: 13    Int: 16    God:
Gold:   192        SH:  0    Dex: 17    Spells: 3/3 levels left

rFire    . . .     SeeInvis .   a - +2 dagger
rCold    . . .     Gourm    .   (no shield)
rNeg     . . .     Faith    .   h - +0 leather armour
rPois    .         Spirit   .   (no helmet)
rElec    .         Reflect  .   d - +0 cloak
rCorr    .         Harm     .   (no gloves)
MR       .....                  (no boots)
Stlth    +++.......             (no amulet)
HPRegen  0.08/turn              (no ring)
MPRegen  0.10/turn              (no ring)

@: no status effects
A: no striking features
a: no special abilities


You were on level 3 of the Dungeon.
You were near starving.

You visited 1 branch of the dungeon, and saw 3 of its levels.

You collected 192 gold pieces.

Inventory:

Hand Weapons
 a - a +2 dagger (weapon)
 b - a +0 blowgun
 c - a +0 hunting sling
Missiles
 e - 27 poisoned needles
 f - 2 curare-tipped needles
 v - 3 stones (quivered)
Armour
 d - a +0 cloak (worn)
 h - a +0 leather armour (worn)
Wands
 u - a wand of enslavement (5)
Scrolls
 j - 2 scrolls of enchant armour {unknown}
 k - a scroll of identify {unknown}
 m - a scroll of magic mapping {unknown}
 o - a scroll of fear {unknown}
 p - a scroll of random uselessness {unknown}
 r - a scroll of remove curse {unknown}
 s - 2 scrolls of teleportation {unknown}
 w - a scroll of immolation {unknown}
Potions
 i - 2 potions of heal wounds {unknown}
 l - a potion of mutation {unknown}
 n - a potion of cancellation {unknown}
 q - 2 potions of flight {unknown}
 t - a potion of resistance {unknown}
Comestibles
 g - 2 rations


   Skills:
 - Level 1.5 Fighting
 + Level 3.3 Short Blades
 - Level 2.0 Throwing
 + Level 3.3 Dodging
 + Level 6.0 Stealth


You had 3 spell levels left.
You didn't know any spells.
Your spell library was empty.

Dungeon Overview and Level Annotations

Branches:
Dungeon (3/15)

Altars:
Okawaru
Yredelemnul


Message History

The orc wizard hits you but does no damage.
You barely miss the orc wizard.
The orc wizard is almost dead.
The orc wizard hits you but does no damage.
You hit the orc wizard but do no damage.
The orc wizard is almost dead.
The orc wizard hits you but does no damage.
You barely miss the orc wizard.
The orc wizard is almost dead.
The orc wizard gestures wildly while chanting.
The orc wizard blinks!
The orc wizard gestures at you while chanting.
The magic dart hits you!
* * * LOW HITPOINT WARNING * * *
w - a scroll labeled RURIZX UFRUHAR You are near starving!
You hit the orc wizard but do no damage.
The orc wizard is almost dead.
The orc wizard hits you with a +0 dagger.
You die...

.......#.###......... ..
...............###. .
#.###.###.##..#... # #.
#.........##..#...
##.#.##.###.######..#...
..............# #.......
##.#..#.#####.###.#.####
........o............ .
......#@#.###.#.#.. ##
###...#.#ยง# .#.. # ....
#.#.# #. ..... ..... #.
###. #.... #. ..(..o
#.#.## #.#.#


You could see an orc wizard.

Vanquished Creatures
  A hound (D:2)
  An adder (D:2)
  2 oozes (D:1)
  2 dart slugs
  3 leopard geckos
  5 orcs
  11 bats
  6 giant cockroaches
  2 goblins
  11 hobgoblins
  3 jackals (D:1)
  A quokka (D:2)
  2 frilled lizards (D:1)
  5 kobolds
  5 rats
60 creatures vanquished.

Notes
Turn   | Place    | Note
-------+----------+-------------------------------------------
     0 | D:1      | Lilu the Deep Elf Assassin began the quest for the Orb.
     0 | D:1      | Reached XP level 1. HP: 12/12 MP: 3/3
   174 | D:1      | Reached skill level 5 in Stealth
   187 | D:1      | Reached XP level 2. HP: 15/16 MP: 4/4
   540 | D:1      | Reached XP level 3. HP: 10/20 MP: 5/5
   921 | D:2      | Found a basalt altar of Yredelemnul.
  1566 | D:2      | Reached XP level 4. HP: 23/25 MP: 6/6
  2473 | D:3      | Found a faded altar of an unknown god.
  2854 | D:3      | Found an iron altar of Okawaru.
  2870 | D:3      | Reached skill level 6 in Stealth
  3281 | D:3      | Slain by an orc wizard

Vault maps used:
D:1:      tarquinn_simple_flora_water_e
D:2:      lemuel_doored_altar, kennysheep_generic_room_14
D:3:      grunt_temple_overflow_gold_and_silver,
          chequers_ecumenical_altar_island, okawaru_trees_1

Skill      XL: |  1  2  3  4 |
---------------+-------------+-----
Stealth        | 5 6 |  6.0
Dodging        | 2 3 |  3.3
Short Blades   | 3 |  3.3
Fighting       | |  1.5
Throwing       | |  2.0

Action                   |  1- 3 |  4- 6 || total
-------------------------+-------+-------++-------
Melee: Dagger            |   140 |   100 ||   240
 Stab: Sleeping          |    14 |     2 ||    16
  Eat: Chunk             |     2 |     4 ||     6
Armor: Robe              |    40 |     6 ||    46
       Leather armour    |       |    11 ||    11
Dodge: Dodged            |    99 |    58 ||   157

Table legend:
 A = Non-vault XP
 B = Vault XP
 C = Vault XP percentage of total XP
 D = Non-vault monster count
 E = Vault monster count
 F = Vault count percentage of total count
                 A         B        C        D         E       F
            +---------+---------+-------+---------+---------+-------
      Total |     163 |      13 |   7.4 |      59 |       1 |   1.7
            +---------+---------+-------+---------+---------+-------
        D:1 |      61 |       0 |   0.0 |      29 |       0 |   0.0
        D:2 |      74 |      13 |  14.9 |      17 |       1 |   5.6
        D:3 |      28 |       0 |   0.0 |      13 |       0 |   0.0
            +---------+---------+-------+---------+---------+-------
